 Dungeon Crawl Stone Soup version 0.30.0-17-ge0270778cf (webtiles) character file.

Game seed: 8895149986617549370

160 Kranky the Ruffian (level 5, 0/50 HPs)
             Began as a Troll Warper on May 23, 2023.
             Killed from afar by an orc wizard (8 damage)
             ... with a magic dart
             ... on level 4 of the Dungeon.
             The game lasted 00:03:15 (2025 turns).

Kranky the Ruffian (Troll Warper)                   Turns: 2025, Time: 00:03:15

Health: 0/50       AC:  4    Str: 19    XL:     5   Next: 17%
Magic:  6/6        EV: 10    Int: 11    God:
Gold:   188        SH:  0    Dex: 12    Spells: 5/7 levels left

rFire   . . .        m - +8 sling of Truncation {elec, +Blink rN+ Dex+3}
rCold   . . .        (no shield)
rNeg    + . .        a - +0 robe
rPois   .            (helmet restricted)
rElec   .            (no cloak)
rCorr   .            (gloves unavailable)
SInv    .            (boots unavailable)
Will    .....        (no amulet)
Stlth   +            (no ring)
HPRegen 1.08/turn    (no ring)
MPRegen 0.10/turn

%: no passive effects
@: no status effects
A: large, unfitting armour, claws 3, regeneration 1, shaggy fur 1, tough skin 1
a: Evoke Blink


You were on level 4 of the Dungeon.
You visited 1 branch of the dungeon, and saw 4 of its levels.

You collected 188 gold pieces.

Inventory:

Hand Weapons
 m - the +8 sling of Truncation (weapon) {elec, +Blink rN+ Dex+3}
   (You found it on level 2 of the Dungeon)

   Dex:       It affects your dexterity (+3).
   rN:        It protects you from negative energy.
   +Blink:    It lets you blink.
Missiles
 c - 7 boomerangs of dispersal
Armour
 a - a +0 robe (worn)
Jewellery
 h - a ring of magical power
 p - an amulet of the acrobat
Scrolls
 b - a scroll of blinking
 d - 3 scrolls of identify {unknown}
 k - a scroll of summoning {unknown}
 o - a scroll of brand weapon {unknown}
Potions
 e - 2 potions of flight {unknown}
 f - a potion of cancellation {unknown}
 g - a potion of brilliance {unknown}
 i - 3 potions of haste {unknown}
 j - 3 potions of ambrosia {unknown}
 l - 2 potions of heal wounds {unknown}
 n - a potion of attraction {unknown}


   Skills:
 + Level 2.4 Fighting
 - Level 0.8 Throwing
 + Level 1.4 Armour
 - Level 1.9 Dodging
 + Level 3.0 Unarmed Combat
 + Level 1.8 Spellcasting
 + Level 2.7 Translocations


You had 5 spell levels left.
You knew the following spells:

 Your Spells              Type           Power      Damage    Failure   Level
a - Blink                 Tloc           14%        N/A       14%         2

Your spell library contained the following spells:

 Spells                   Type           Power      Damage    Failure   Level
 Lesser Beckoning         Tloc           14%        N/A       14%         2
 Gell's Gravitas          Tloc           7%         N/A       28%         3
 Teleport Other           Tloc           7%         N/A       28%         3
 Sandblast                Erth           2%         2d4       30%         1
 Passwall                 Tmut/Erth      0%         N/A       41%         2
 Vhi's Electric Charge    Tloc/Air       8%         N/A       45%         3
 Stone Arrow              Conj/Erth      2%         3d7       65%         3
 Manifold Assault         Tloc           7%         N/A       67%         4
 Dispersal                Tloc           3%         N/A       100%        6


Dungeon Overview and Level Annotations

Branches:
Dungeon (4/15)
 Temple: D:4-7

Altars:


Innate Abilities, Weirdness & Mutations

You are too large for most types of armour.
You have claws for hands.
Your natural rate of healing is unusually fast.
You are covered in fur. (AC +1)
You have tough skin. (AC +1)


Message History

You are too confused!
Unknown command.
You are too confused!
Unknown command.
You are too confused!
Unknown command.
You are too confused!
Unknown command.
You are too confused!
Okay, then.
Search for what [Enter for "."]?
Okay, then.
Okay, then.
You miss something. Something hits you but does no damage.
The orc closely misses you.
An orc priest comes into view. It is wielding a +0 whip.
Something hits you but does no damage.
You closely miss something.
The orc priest mumbles some strange prayers to Beogh against you.
Beogh smites you! The orc barely misses you. Something hits you. x2
The orc hits you from afar with a +0 trident.
Something hits you but does no damage.
You clumsily bash something but do no damage.
Something hits you. The orc misses you. Something hits you but does no damage.
You're too confused to move!
Something hits you but does no damage.
The orc hits you from afar with a +0 trident.
Something hits you.
* * * LOW HITPOINT WARNING * * *
An orc comes into view. It is wielding a +0 short sword.
You barely miss something.
You feel less confused. Something hits you.
* * * LOW HITPOINT WARNING * * *
The orc hits you from afar with a +0 trident!
* * * LOW HITPOINT WARNING * * *
Something hits you but does no damage.
You hear some strange, mumbled words.
A magic dart appears from out of thin air!
The magic dart hits you!
You die... #.. #.. ### #..o ..# .). #.# .. ooo

#.# #..#o####
#.#####
#..o..{.##
#.#...#
#.#@..####.....#
#.{........#...
###...####†##.#
##.## #.##.#
#.#####.##.######
#.##...).........
#.##.##......###
#.##.#####.#.#
#.##......†..# .


You could see 2 orc priests and 4 orcs.

Vanquished Creatures
  A howler monkey (D:4)
  An iguana (D:4)
  2 adders (D:2)
  A dart slug (D:3)
  2 orcs (D:4)
  8 ball pythons
  6 endoplasms
  4 giant cockroaches
  11 goblins
  9 hobgoblins
  3 jackals (D:3)
  3 quokkas
  3 bats
  8 frilled lizards
  7 kobolds
  4 rats
73 creatures vanquished.

Notes
Turn   | Place    | Note
-------+----------+-------------------------------------------
     0 | D:1      | Kranky the Troll Warper began the quest for the Orb.
     0 | D:1      | Reached XP level 1. HP: 19/19 MP: 1/1
   170 | D:1      | Found a faded altar of an unknown god.
   187 | D:1      | Reached XP level 2. HP: 28/28 MP: 3/3
   604 | D:1      | Learned a level 2 spell: Blink
   716 | D:2      | Identified the +8 sling of Truncation {elec, +Blink rN+
                  | Dex+3}
   825 | D:2      | Reached XP level 3. HP: 35/35 MP: 4/4
   995 | D:2      | Reached skill level 1 in Armour
  1503 | D:3      | Reached XP level 4. HP: 37/42 MP: 5/5
  1991 | D:4      | Reached skill level 3 in Unarmed Combat
  1991 | D:4      | Reached XP level 5. HP: 50/50 MP: 6/6
  2025 | D:4      | Killed from afar by an orc wizard

Illustrated notes

Levels and vault maps discovered:
D:1:      dpeg_arrival_prison, layout_basic, shapermc_ecumenical_altar_venn,
          nrook_mini_vaults
D:2:      layout_loops_ring, st_stairs_4
D:3:      cheibrodos_greedy_goblins, layout_basic
D:4:      layout_loops_ring

Skill      XL: |  1  2  3  4 |
---------------+-------------+-----
Fighting       | 2 |  2.4
Armour         | 1 |  1.4
Unarmed Combat | 3 |  3.0
Throwing       | |  0.8
Dodging        | |  1.9
Spellcasting   | |  1.8
Translocations | |  2.7

Action                     |  1- 3 |  4- 6 || total
---------------------------+-------+-------++-------
  Melee: Unarmed           |    58 |       ||    58
         Sling             |       |     4 ||     4
   Fire: Sling             |    49 |    58 ||   107
 Armour: Robe              |    24 |    20 ||    44
  Dodge: Dodged            |    24 |    24 ||    48
